Cogmind - Beta 13 @@@ ROGUE MODE // 2024.04.20 @ 05:57:42 Player: Carpathian Result: Self-destructed Performance ------------- Evolutions (2) 1000 Regions Visited (4) 800 Robots Destroyed (36) 180 Value Destroyed (915) 915 Prototype IDs (1) 20 Alien Tech Used (0) 0 Bonus (287) 287 TOTAL SCORE: 3202 Bonus ------- Pacifist 200 Follower Combat Kills 87 Cogmind --------- Core Integrity 516/550 Matter 300/300 Energy 160/160 System Corruption 0% Temperature Cool (0) Movement Walking (120) Location -8/Materials Parts ------- > --- POWER (2) -------- Light Nuclear Core > --- PROPULSION (2) --- Carbon-fiber Leg Carbon-fiber Leg > --- UTILITY (5) ------ Small Storage Unit Trap Scanner Utility Shielding > --- WEAPON (2) ------- High-powered Shotgun Katana > --- INVENTORY (8) ---- Improved Ion Engine Aluminum Leg Improved Heat Sink Improved Propulsion Shielding Hardened Light Armor Plating Particle Gun Heavy Particle Cannon Mining Laser Peak State ------------ > --- POWER ------------ Light Nuclear Core > --- PROPULSION ------- Carbon-fiber Leg Carbon-fiber Leg > --- UTILITY ---------- Small Storage Unit Trap Scanner Utility Shielding Medium Armor Plating > --- WEAPON ----------- High-powered Shotgun Katana > --- INVENTORY -------- Light Treads Light Treads Aluminum Leg Hardened Light Armor Plating Particle Gun Assault Rifle Mining Laser [Rating: 22] Favorites ----------- Power Light Ion Engine Engine Light Ion Engine Power Core Light Nuclear Core Propulsion Aluminum Leg Treads Light Treads Leg Aluminum Leg Utility Small Storage Unit Device Trap Scanner Storage Small Storage Unit Protection Utility Shielding Weapon Assault Rifle Energy Gun Improved EM Shotgun Ballistic Gun Assault Rifle Launcher Grenade Launcher Special Weapon Mining Laser Slashing Weapon Katana Build | -11 -10 -10 -9 -8 ------- Run | Yrd Mat Min Mat Mat Slots Evolved 4 | . . . 2 2 Power 1 | . . . . 1 Propulsion . | . . . . . Utility 3 | . . . 2 1 Weapon . | . . . . . Parts Attached 26 | 6 1 . 12 7 Power 4 | 1 . . 2 1 Engine 3 | 1 . . 2 . Core 1 | . . . . 1 Reactor . | . . . . . Propulsion 6 | 2 . . 2 2 Treads 2 | . . . 2 . Leg 4 | 2 . . . 2 Wheel . | . . . . . Hover . | . . . . . Flight . | . . . . . Utility 5 | 1 1 . 1 2 Device 1 | . . . . 1 Storage 1 | 1 . . . . Processor . | . . . . . Hackware . | . . . . . Protection 3 | . 1 . 1 1 Artifact . | . . . . . Weapon 11 | 2 . . 7 2 Energy Gun 1 | . . . 1 . Energy Cannon . | . . . . . Ballistic Gun 7 | 2 . . 4 1 Ballistic Cannon . | . . . . . Launcher 1 | . . . 1 . Special Weapon 1 | . . . 1 . Impact Weapon . | . . . . . Slashing Weapon 1 | . . . . 1 Piercing Weapon . | . . . . . Special Melee Weapon . | . . . . . Unidentified Prototypes 1 | . . . 1 . Parts Lost 9 | . . . 7 2 Power 3 | . . . 2 1 Propulsion 2 | . . . 2 . Utility 2 | . . . 1 1 Weapon 2 | . . . 2 . Highest Loss Streak 3 | . . . 3 1 To Critical Strikes . | . . . . . Average Slot Usage (%) 76 | . 99 100 69 72 Engine 7 | . 14 14 8 4 Core 1 | . . . . 4 Treads 5 | . . . 2 10 Leg 13 | . 28 28 11 7 Device 2 | . . . . 6 Storage 10 | . 14 14 11 9 Protection 13 | . 13 14 14 13 Energy Gun 1 | . . . 3 . Ballistic Gun 17 | . 28 28 16 13 Slashing Weapon 1 | . . . . 4 Naked Turns . | . . . . . Heaviest Build 25 | 14 15 15 17 25 Greatest Support 40 | 20 20 20 40 40 Greatest Overweight (x) 4 | . . . 4 . Average Overweight (x) . | . . . . . Largest Inventory Capacity 8 | 8 8 8 8 8 Average Capacity 7 | 7 8 8 8 8 Most Carried 8 | 3 6 6 8 8 Average Carried 5 | 1 4 6 7 5 Final Capacity 8 | 8 8 8 8 8 Final Carried 8 | 3 6 6 4 8 Class Distribution -------------------- 100% | Mutant Dominant Class ---------------- Mutant | -10/Materials Mutant | -10/Mines Mutant | -9/Materials Mutant | -8/Materials Resources | -11 -10 -10 -9 -8 ----------- Run | Yrd Mat Min Mat Mat Matter Collected 787 | 204 . 32 355 196 Remotely . | . . . . . Salvage Created 1252 | . . . 588 664 Parts 82 | . . . 41 41 Haulers Intercepted . | . . . . . Recyclers Shooed 1 | . . . 1 . Parts Field Recycled . | . . . . . Retrieved Matter . | . . . . . Parts Self-Destructed . | . . . . . Prevented . | . . . . . Kills | -11 -10 -10 -9 -8 ------- Run | Yrd Mat Min Mat Mat Combat Hostiles Destroyed 27 | . . . 14 13 Melee 7 | . . . . 7 Guns 20 | . . . 14 6 Classes Destroyed 9 | . . . 7 2 Worker 1 | . . . . 1 Builder 3 | . . . 2 1 Recycler 3 | . . . 2 1 Mechanic 1 | . . . . 1 Operator 1 | . . . 1 . Swarmer 10 | . . . 7 3 Grunt 11 | . . . 3 8 Brawler 1 | . . . 1 . Sentry 5 | . . . 3 2 Best Kill Streak 6 | . . . 6 4 Combat Bots Only 6 | . . . 6 4 Max Kills in Single Turn 2 | . . . 2 2 Gunslinging 1 | . . . . 1 Exploded . | . . . . . Melee 1 | . . . . 1 Uniques/NPCs Destroyed . | . . . . . Combat | -11 -10 -10 -9 -8 -------- Run | Yrd Mat Min Mat Mat Hostile Shots Fired 180 | . . . 119 61 Missed 54 | . . . 37 17 Damage Taken 1693 | . . . 1067 626 Core 289 | . . . 255 34 Absorbed by Shields . | . . . . . Redirected to Shielding 75 | . . . 70 5 Core Remaining (%) 78 | 100 . 100 36 . Volleys Fired 59 | . . 4 42 13 Largest 2 | . . 2 2 2 Hottest 68 | . . 40 68 45 Shots Fired 109 | . . 9 74 26 Gun 108 | . . 9 73 26 Cannon . | . . . . . Launcher 1 | . . . 1 . Special . | . . . . . Kinetic 98 | . . 9 63 26 Thermal . | . . . . . Explosive 1 | . . . 1 . Electromagnetic 10 | . . . 10 . Robot Hit Streak 13 | . . 1 13 6 Robot Miss Streak 6 | . . 5 6 2 Penetration Max . | . . . . . Secondary Targets 5 | . . . 3 2 Max Gunslinging Chain 1 | . . . 1 1 Shots Hit Robots 100 | . . 2 53 45 Core Hits 51 | . . . 28 23 Critical Kills . | . . . . . Critical Parts Destroyed 1 | . . . . 1 Critical Strikes 3 | . . . . 3 Destroy 1 | . . . . 1 Sever 2 | . . . . 2 Melee Attacks 29 | . . . . 29 Impact . | . . . . . Slashing 29 | . . . . 29 Piercing . | . . . . . Sneak Attacks 6 | . . . . 6 Combat Hostiles . | . . . . . Follow-up Attacks . | . . . . . Damage Inflicted 2240 | . . 25 933 1282 Guns 1205 | . . 25 844 336 Cannons . | . . . . . Explosions 89 | . . . 89 . Melee 946 | . . . . 946 Ramming . | . . . . . Kinetic 1078 | . . 25 717 336 Thermal 89 | . . . 89 . Explosive . | . . . . . Electromagnetic 127 | . . . 127 . Impact . | . . . . . Slashing 946 | . . . . 946 Piercing . | . . . . . Highest Corruption 2 | . 2 2 . . Average Corruption 2 | . 2 2 . . Corruption Purged . | . . . . . Corruption Blocked . | . . . . . Effects 2 | . . 2 . . Heat Flow Errors 1 | . . 1 . . Misfires 1 | . . 1 . . Overload Shots . | . . . . . Overflow Damage 20 | . . . . 20 Projectiles . | . . . . . Explosions . | . . . . . Melee 20 | . . . . 20 Knockbacks . | . . . . . Impact . | . . . . . Kinetic . | . . . . . Secondary . | . . . . . Self-Inflicted Damage 38 | . . . 38 . Shots 1 | . . . 1 . Rammed . | . . . . . Targets Rammed . | . . . . . Kicked . | . . . . . Crushed . | . . . . . Highest Temperature 249 | . . 249 14 54 Average Temperature 27 | . . 239 7 21 Received Heat Transfer 672 | . . . 267 405 Siege Activations . | . . . . . Robots Corrupted . | . . . . . Combat Hostiles . | . . . . . Parts Fried . | . . . . . Impact Corruptions . | . . . . . Robots Melted . | . . . . . Combat Hostiles . | . . . . . Parts Melted . | . . . . . Heat Transferred 150 | . . . 150 . Parts Sabotaged . | . . . . . Parts Stolen . | . . . . . Parts Stripped . | . . . . . Power Chain Reactions 2 | . . . 2 . Alert | -11 -10 -10 -9 -8 ------- Run | Yrd Mat Min Mat Mat Peak Influence 391 | . 32 71 277 391 Initial 98 | . . 12 27 98 Average 150 | . 16 32 159 212 Maximum Alert Level 1 | . . . 1 1 Low Security (%) 53 | 100 100 100 59 22 Level 1 46 | . . . 40 77 Level 2 . | . . . . . Level 3 . | . . . . . Level 4 . | . . . . . Level 5 . | . . . . . High Security . | . . . . . Max Security . | . . . . . Squads Dispatched 2 | . . . . 2 Investigation . | . . . . . Extermination . | . . . . . Reinforcement 2 | . . . . 2 Assault . | . . . . . Garrison . | . . . . . Intercept . | . . . . . Searches Triggered . | . . . . . Construction Impeded . | . . . . . Haulers Reinforced . | . . . . . Active Scanning Responses . | . . . . . Cargo Convoy Interrupts . | . . . . . Stealth | -11 -10 -10 -9 -8 --------- Run | Yrd Mat Min Mat Mat Distress Signals 2 | . . . . 2 Communications Jammed . | . . . . . Distress Signals . | . . . . . Times Spotted 44 | . 2 2 20 20 Peak Tracking Total 5 | . 1 2 5 4 Tactical Retreats 1 | . . . . 1 Traps | -11 -10 -10 -9 -8 ------- Run | Yrd Mat Min Mat Mat Traps Triggered 1 | . 1 . . . Indirectly . | . . . . . Trap Hack Attempts . | . . . . . Triggered . | . . . . . Disarmed . | . . . . . Reprogrammed . | . . . . . Reused . | . . . . . Traps Extracted . | . . . . . Installed . | . . . . . Triggered . | . . . . . Machines | -11 -10 -10 -9 -8 ---------- Run | Yrd Mat Min Mat Mat Machines Disabled 1 | . . . . 1 Max in Single Turn 1 | . . . . 1 Machines Repaired . | . . . . . Machines Dismantled . | . . . . . Machines Sabotaged . | . . . . . Overloaded Fab Kills . | . . . . . Hacking | -11 -10 -10 -9 -8 --------- Run | Yrd Mat Min Mat Mat Machines Accessed 6 | . 1 . 3 2 Terminals 6 | . 1 . 3 2 Fabricators . | . . . . . Repair Stations . | . . . . . Recycling Units . | . . . . . Scanalyzers . | . . . . . Garrison Access . | . . . . . Total Hacks 13 | . 4 . 6 3 Successful 9 | . 3 . 4 2 Failed 4 | . 1 . 2 1 Catastrophic . | . . . . . Database Lockouts . | . . . . . Manual . | . . . . . Terminals 13 | . 4 . 6 3 Fabricators . | . . . . . Repair Stations . | . . . . . Recycling Units . | . . . . . Scanalyzers . | . . . . . Garrison Access . | . . . . . Terminal Hacks 9 | . 3 . 4 2 Record 5 | . 3 . 2 . Alert Level 1 | . . . . 1 Locate Traps 1 | . . . 1 . Assault Status 1 | . . . . 1 Zone Layout 1 | . . . 1 . Fabricator Hacks . | . . . . . Repair Station Hacks . | . . . . . Recycling Unit Hacks . | . . . . . Scanalyzer . | . . . . . Garrison Access Hacks . | . . . . . Unauthorized Hacks . | . . . . . Terminals . | . . . . . Fabricators . | . . . . . Repair Stations . | . . . . . Recycling Units . | . . . . . Scanalyzers . | . . . . . Garrison Access . | . . . . . Data Cores Recovered 1 | . . . 1 . Used . | . . . . . Hacking Detections 1 | . . . 1 . Full Trace Events . | . . . . . Feedback Events . | . . . . . Feedback Blocked . | . . . . . Robot Schematics Acquired . | . . . . . Robots Built . | . . . . . Authchips . | . . . . . Time . | . . . . . Total Robot Build Rating . | . . . . . Part Schematics Acquired . | . . . . . Parts Built . | . . . . . Authchips . | . . . . . Time . | . . . . . Total Part Build Rating . | . . . . . Parts Repaired . | . . . . . Time . | . . . . . Parts Recycled . | . . . . . Recycled Matter . | . . . . . Retrieved Matter . | . . . . . Retrieved Components . | . . . . . Parts Scanalyzed . | . . . . . Part Schematics Acquired . | . . . . . Parts Damaged . | . . . . . Bothacking | -11 -10 -10 -9 -8 ------------ Run | Yrd Mat Min Mat Mat Used RIF Installer . | . . . . . Robots Hacked . | . . . . . Non-combat . | . . . . . Combat . | . . . . . Robot Hacks Applied . | . . . . . Relay Couplers Released . | . . . . . Fabnet Peak Effective % . | . . . . . Robots Rewired . | . . . . . Allies Hacked . | . . . . . Hacks Repelled . | . . . . . Allies | -11 -10 -10 -9 -8 -------- Run | Yrd Mat Min Mat Mat Total Allies 3 | . . 3 . . Largest Group 3 | . . 3 2 . Highest-Rated Group 40 | . . 40 32 . Highest-Rated Ally 16 | . . 16 16 . Total Orders . | . . . . . Ally Attacks 22 | . . 10 12 . Total Damage 298 | . . 126 172 . Kills 5 | . . 3 2 . Allies Corrupted . | . . . . . Allies Melted . | . . . . . Intel | -11 -10 -10 -9 -8 ------- Run | Yrd Mat Min Mat Mat Robot Analysis Total . | . . . . . Derelict Logs Recovered . | . . . . . Drone Launches . | . . . . . Drone Recoveries . | . . . . . Exploration | -11 -10 -10 -9 -8 ------------- Run | Yrd Mat Min Mat Mat Turns Passed 1837 | 80 212 110 685 750 Spaces Moved 1070 | 59 173 82 330 426 Core 56 | 13 . . 43 . Treads 239 | . . . 38 201 Legs 775 | 46 173 82 249 225 Wheels . | . . . . . Hover . | . . . . . Flight . | . . . . . Fastest Speed 50 | 50 120 120 120 120 Average Speed 138 | 104 120 120 157 138 Slowest Speed 250 | 120 120 120 250 160 Overloaded Moves . | . . . . . Propulsion Burnouts . | . . . . . Robots Hopped . | . . . . . Cave-ins Triggered . | . . . . . Exploration Rate (%) 23 | 3 25 21 34 34 Regions Visited 4 Branch Regions 1 Pre-discovered Areas . | . . . . . Known Exits Taken . | . . . . . Unknown Exits Taken 4 | 1 1 1 1 . Scrap Searched . | . . . . . Spaces Dug . | . . . . . Terrain Destroyed 14 | . . . 14 . Melee . | . . . . . Projectile . | . . . . . AOE 14 | . . . 14 . Terrain Rammed . | . . . . . Walls Destroyed . | . . . . . Machines Disabled . | . . . . . Actions | -11 -10 -10 -9 -8 --------- Run | Yrd Mat Min Mat Mat Total 1272 | 77 177 85 418 515 Wait 56 | 4 . . 29 23 Move 1066 | 58 172 81 329 426 Hop . | . . . . . Pick Up 30 | 9 4 . 5 12 Fast Attach 1 | . . . 1 . Attach 16 | 6 1 . 6 3 Detach . | . . . . . Swap 9 | . . . 5 4 Drop 6 | . . . 1 5 Fire 59 | . . 4 42 13 Melee 29 | . . . . 29 Ram . | . . . . . Kick . | . . . . . Crush . | . . . . . Escape Stasis . | . . . . . Rewire . | . . . . . Trap . | . . . . . Miscellaneous . | . . . . . Route ------- -11/Scrapyard -10/Materials -10/Mines -9/Materials -8/Materials History --------- Turn | Location | Event 3 | -11/Scrapyard | Discovered new exit (range 15) 81 | -11/Scrapyard | Entered Materials 240 | -10/Materials | Discovered new exit (range 8) 293 | -10/Materials | Entered Mines 302 | -10/Mines | Assisted by bots powering up and referring to "LRC-V3" 310 | -10/Mines | Build established: Mutant 387 | -10/Mines | Discovered new exit (range 11) 403 | -10/Mines | Entered Materials 403 | -9/Materials | Accompanied by 2 allies 403 | -9/Materials | Evolved 2 slots: Utility x2 900 | -9/Materials | Core integrity fell below 50% 933 | -9/Materials | Lost 3 parts (1p1n1w) 1077 | -9/Materials | Discovered new exit (range 5) 1088 | -9/Materials | Entered another Materials area 1088 | -8/Materials | Evolved 2 slots: Power x1, Utility x1 1838 | -8/Materials | Self-destructed Last Messages --------------- 01610_ A-02 Transporter Lgt. Treads severed. 01677_ Sneak attack on U-05 Engineer. 01677_ U-05 Engineer destroyed. 01689_ M-13 Machinist fits Backup Propulsion I on A-02 Transporter. 01707_ Sneak attack on A-02 Transporter. 01730_ Sneak attack on M-13 Machinist. 01730_ M-13 Machinist destroyed. 01750_ K-01 Serf cleans the Repair Station. 01754_ Sneak attack on K-01 Serf. 01754_ Destroyed Lgt. Ion Engine. 01754_ K-01 Serf destroyed. 01770_ Sneak attack on R-06 Scavenger. 01770_ R-06 Scavenger destroyed. 01775_ Acquired Imp. Heat Sink. 01787_ G-47 Trooper destroyed. 01793_ K-01 Serf collects debris. 01813_ U-05 Engineer builds a Door. 01814_ G-47 Trooper Aluminum Leg severed. 01834_ Critical hit (Burn: +37). 01836_ G-47 Trooper destroyed. Map ----- +----------------------------------------------------+ | ?????????????????????????????????????????????????? | | ?????????????????????????????????????????????????? | | ?????????????????????????????????????????????????? | | ?????????????????????????????????????????????????? | | ?????????????????????????????????????????????????? | | ?????????????????????????????????????????????????? | | ?????????????????????????????????????????????????? | | ?????????????????????????????????????????????????? | | ?????????????????????????????????????????????????? | | ?????????????????????????????????????????????????? | | ?????????????????????????????????????????????????? | | ?????????????????????????????????????????????????? | | ?????????????????????????????????????????????????? | | ?????????????????????????????????????????????????? | | ??????????????????????????????????#??????????????? | | ????????????????????????????????? #??????????????? | | ????????????????????????????????? #??????????????? | | ???????????????????#???????????? ???????????????? | | ??????????????????? ???#########+###?????????????? | | ??????????????????? ???# #?????????????? | | ??????????????????? ???# "" #?????????????? | | ??????????????????# #??# """#?????????????? | | ??????????????????# #??# """ S"#?????????????? | | ??????????????????# #??# """ ! #?????????????? | | ??????????????????# #??# """ #?????????????? | | ??????????????????# #??#%@ = #?????????????? | | ??????????????????# #??##/###+######?????????????? | | ??????????????????# #???# #?????????????????? | | ??????????????????# ##### * #?????????????????? | | ??????????????????# [k*% #?????????????????? | | ????????????????###+######## #?????????????????? | | ????????????????# **= #?# #?????????????????? | | ????????????????#""" %= #?# #?????????????????? | | ????????????????#"""!=! ### #?????????????????? | | ????????????????#""" ## #?????????????????? | | ????????????????# ### #?????????????????? | | ###????#????????# %#?# #?????????????????? | | !!##???# ???????# " "!#?# #?????????????????? | | !#???# ??????# "R" #?# #?????????????????? | | #???? ?????# """ #?# #?????????????????? | | #######+#############+### ######??????##????? | | = % ??? #???? | | =%* ??? +???? | | ! % ??? #???? | | #+########+###########+##### ##########??# #???? | | ##%[![* #???# # # #??# #???? | | """ ###[==% #???# # # """ #??# #???? | | """ #?# "" #???# [=# # """ #??# #???? | | """ #?# """ #???# [=%# # """ #??# #???? | | #?# """ #???# !=+ # #?## ##??? | +----------------------------------------------------+ Best States ------------- Heat Dissipation 31 Energy Generation 14 Energy Capacity 250 Matter Stores 300 Matter Capacity 300 Sight Range 16 Terrain Scan Density 10 Armor Coverage 225 Utility Shielding 33 Weapon Shielding 33 Evasion (%) 55 Recoil Reduction 2 Item Schematics ----------------- None Robot Schematics ------------------ None Fabricated ------------ Nothing Alien Tech Used ----------------- None Achievements -------------- None Challenges ------------ None Game ------ Seed TrackerBladeCannon Manual? 0 Play Time 00:11:48 Cumulative 19.0 hours Start 2024.04.20 @ 05:45:54 End 2024.04.20 @ 05:57:42 Sessions 1 Manual Loads 0 Difficulty Rogue Special Mode None Game No. 107 Rogue 107 Adventurer 0 Explorer 0 Win Type - Total 0 Types 0/0/0/0/0/0/0/0/0 Lore% 7 Gallery% 22 Achievement% 16 Wizard Run 0 Options --------- Layout 0 ASCII 0 Keyboard 0 Movement Arrows Keybinds 0 Fullscreen 2 Font 24/Cog Map View 76x50 Zoom Use 0% Tactical HUD 1 Map Filters NONE Filters NONE Steam 1 RUN: d49f2d34-eb28-4369-ae4d-8b007f85c546